 Dungeon Crawl Stone Soup version 0.22-a0-259-gdd11e71 (webtiles) character file.

96 Amnesiac the Ducker (level 4, 0/23 HPs)
             Began as a Spriggan Fighter on Mar 5, 2018.
             Slain by Crazy Yiuf
             ... wielding a +3 quarterstaff of chaos
              (15 damage)
             ... on level 3 of the Dungeon.
             The game lasted 00:03:33 (2648 turns).

Amnesiac the Ducker (Spriggan Fighter)              Turns: 2648, Time: 00:03:34

Health: 0/23       AC:  2    Str: 13    XL:     4   Next: 41%
Magic:  1/5        EV: 19    Int:  9    God:
Gold:   87         SH:  6    Dex: 15    Spells: 3/3 levels left

rFire    . . .     SeeInvis +   a - +1 long sword
rCold    . . .     Gourm    .   c - +0 buckler
rNeg     . . .     Faith    .   b - +0 robe
rPois    .         Spirit   .   (helmet restricted)
rElec    .         Reflect  .   (no cloak)
rCorr    .         Harm     .   (gloves unavailable)
MR       .....                  (boots unavailable)
Stlth    +.........             (no amulet)
HPRegen  0.07/turn              (no ring)
MPRegen  0.09/turn              (no ring)

@: very quick
A: very small, unfitting armour, see invisible, herbivore, speed 3, slow
metabolism 2
a: no special abilities


You were on level 3 of the Dungeon.
You were not hungry.

You visited 1 branch of the dungeon, and saw 3 of its levels.

You collected 87 gold pieces.

Inventory:

Hand Weapons
 a - a +1 long sword (weapon)
Missiles
 k - 3 needles of confusion
 q - 3 stones (quivered)
 r - 9 poisoned needles
Armour
 b - a +0 robe (worn)
 c - a +0 buckler (worn)
Scrolls
 h - a scroll of teleportation {!r, unknown}
 j - a scroll of enchant weapon {!r}
 m - a scroll of immolation {!r}
 o - a scroll of amnesia {!r}
Potions
 d - 2 potions of might {!q}
 e - 2 potions of degeneration {!q, unknown}
 g - 2 potions of berserk rage {!q, unknown}
 i - a potion of heal wounds {!q, unknown}
 l - 2 potions of curing {!q, unknown}
 n - a potion of invisibility {!q}
Comestibles
 f - 3 rations


   Skills:
 - Level 2.4 Fighting
 + Level 3.9 Long Blades
 - Level 4.4 Dodging
 - Level 2.1 Shields


You had 3 spell levels left.
You didn't know any spells.

Dungeon Overview and Level Annotations

Branches:
Dungeon (3/15)

Altars:
Cheibriados
Hepliaklqana

Annotations:
D:2 Sigmund
D:3 Crazy Yiuf


Innate Abilities, Weirdness & Mutations

You are very small and have problems with some larger weapons.
You are too small for most types of armour.
You have supernaturally acute eyesight. (SInv)
You are a herbivore.
You cover ground extremely quickly.
You need to consume almost no food.


Message History

You hit Crazy Yiuf.
Crazy Yiuf is heavily wounded.
Crazy Yiuf sings, "Trees, trees, trees, circus!"
Crazy Yiuf hits you with a quarterstaff of chaos!
* * * LOW HITPOINT WARNING * * *
Crazy Yiuf burns you.
* * * LOW HITPOINT WARNING * * *
Crazy Yiuf yells, "East hog Xom!"
Crazy Yiuf whimpers, "Whiteboard mumblescurry shoe!"
You start resting.
HP restored.
There is an escape hatch in the floor here.
There is an open door here.
Done exploring.
Done exploring.
Done exploring.
There is an open door here.
There is an escape hatch in the floor here.
You slide downwards.
The hatch slams shut behind you.
A rat comes into view.
Crazy Yiuf shouts!
The rat moves out of view.
Found a mace.
Crazy Yiuf says, "Ice!"
Found a ration.
You barely miss the rat. The rat barely misses you. You block the rat's attack.
Found a hazy altar of Hepliaklqana.
Crazy Yiuf screams, "Blight wrapper seventy!"
You see here a ration.
f - 3 rations (gained 1) Crazy Yiuf cries, "Action turtle stair!"
The rat bites you.
Crazy Yiuf laughs, "Fire dark arm!"
A rat comes into view.
You closely miss the rat. The rat closely misses you.
You riposte.
You closely miss the rat. You closely miss the rat. You block the rat's attack.
You slash the rat!
You kill the rat!
Crazy Yiuf barely misses you.
You riposte.
You slash Crazy Yiuf!
Crazy Yiuf is heavily wounded.
You hit Crazy Yiuf.
Crazy Yiuf is heavily wounded.
Crazy Yiuf cries, "Cholesterol water agre!"
Crazy Yiuf closely misses you.
You hit Crazy Yiuf but do no damage.
Crazy Yiuf is heavily wounded.
Crazy Yiuf misses you.
You hit Crazy Yiuf.
Crazy Yiuf is severely wounded.
You block Crazy Yiuf's attack.
You closely miss Crazy Yiuf.
Crazy Yiuf is severely wounded.
Crazy Yiuf laughs, "Adder!
Tosser aubergine bag."
You block Crazy Yiuf's attack.
You closely miss Crazy Yiuf.
Crazy Yiuf is severely wounded.
Crazy Yiuf hits you with a quarterstaff of chaos.
You feel your power leaking away.
You hit Crazy Yiuf but do no damage.
Crazy Yiuf is severely wounded.
Crazy Yiuf hits you with a quarterstaff of chaos!
Ouch! That really hurt!
You die...

####################
...................#
#...#...#...#...#..#
.......@gr........_#
#...#...#...#.).#..#
...................#
####################..
###....... .. ........
.# ###.....# .#
#.......# .#
#.......###.##.


You could see Crazy Yiuf and a rat.

Vanquished Creatures
  A hound skeleton (D:2)
  A gnoll (D:1)
  3 adders (D:2)
  2 giant cockroaches
  4 hobgoblins (D:1)
  4 jackals (D:2)
  9 kobolds
  A ball python (D:1)
  4 bats
  3 frilled lizards
  6 goblins
  9 rats
47 creatures vanquished.

Notes
Turn   | Place    | Note
-------+----------+-------------------------------------------
     0 | D:1      | Amnesiac the Spriggan Fighter began the quest for the Orb.
     0 | D:1      | Reached XP level 1. HP: 11/11 MP: 2/2
   175 | D:2      | Reached XP level 2. HP: 12/16 MP: 3/3
   649 | D:1      | Reached XP level 3. HP: 17/19 MP: 4/4
  1397 | D:2      | Reached XP level 4. HP: 22/23 MP: 5/5
  1437 | D:2      | Found a snail-covered altar of Cheibriados.
  1448 | D:2      | Noticed Sigmund
  2309 | D:2      | Found a runed door.
  2313 | D:2      | Noticed Crazy Yiuf
  2622 | D:3      | Found a hazy altar of Hepliaklqana.
  2648 | D:3      | Slain by Crazy Yiuf

Vault maps used:
D:1:      ncdulo_smallfort
D:2:      nicolae_overflow_crystal_walls, first_ration, uniq_crazy_yiuf_cottage,
          uniq_sigmund
D:3:      lemuel_coloured_pillars_altar

Skill      XL: |  1  2  3 |
---------------+----------+-----
Long Blades    | 2 3 |  3.9
Fighting       | |  2.4
Dodging        | |  4.4
Shields        | |  2.1

Action                   |  1- 3 |  4- 6 || total
-------------------------+-------+-------++-------
Melee: Long sword        |    86 |    45 ||   131
  Use: Scroll            |       |     8 ||     8
Armor: Robe              |     5 |     2 ||     7
Dodge: Dodged            |    53 |    32 ||    85
Block: Buckler           |    33 |    15 ||    48
       Rpst.: Long sword |    16 |     7 ||    23

Table legend:
 A = Spawn XP
 B = Non-spawn XP
 C = Spawn XP percentage of total XP
 D = Spawn monster count
 E = Non-spawn monster count
 F = Spawn count percentage of total count
 G = Total turns spent on level
                    A         B        C        D         E        F      G
               +---------+---------+-------+---------+---------+-------+---------
         Total |       0 |     138 |   0.0 |       0 |      47 |   0.0 |  2648
               +---------+---------+-------+---------+---------+-------+---------
           D:1 |       0 |      45 |   0.0 |       0 |      21 |   0.0 |  1357
           D:2 |       0 |      92 |   0.0 |       0 |      25 |   0.0 |  1158
           D:3 |       0 |       1 |   0.0 |       0 |       1 |   0.0 |   133
               +---------+---------+-------+---------+---------+-------+---------
